 Dungeon Crawl Stone Soup version 0.18.1-47-g9310371 (webtiles) character file.

51 sarahorange the Charmwright (level 3, -3/30 HPs)
             Began as a Draconian Skald on June 17, 2016.
             Killed from afar by an orc wizard (10 damage)
             ... with a puff of flame
             ... on level 3 of the Dungeon.
             The game lasted 00:16:48 (2110 turns).

sarahorange the Charmwright (Draconian Skald)       Turns: 2110, Time: 00:16:49

Health: -3/30      AC:  7    Str: 15    XL:     3   Next: 58%
Magic:  6/6        EV:  9    Int: 12    God:
Gold:   125        SH:  8    Dex: 10    Spells: 2 memorised, 3 levels left

rFire  . . .     SeeInvis .     a - +0 mace
rCold  . . .     Gourm    .     (armour unavailable)
rNeg   . . .     Faith    .     k - +1 shield
rPois  .         Spirit   .     l - +1 hat
rElec  .         Dismiss  .     (no cloak)
rCorr  .         Reflect  .     (no gloves)
SustAt .         Harm     .     n - +0 pair of boots
MR     .....                    (no amulet)
Stlth  +.........               (no ring)
                                (no ring)

@: about to teleport, not resistant to hostile enchantments, very unstealthy
A: unfitting armour, cold-blooded, AC +5
a: no special abilities


You were on level 3 of the Dungeon.
You were not hungry.

You visited 1 branch of the dungeon, and saw 3 of its levels.

You collected 125 gold pieces.

Inventory:

Hand Weapons
 a - a +0 mace (weapon)
Missiles
 g - 112 stones (quivered)
Armour
 j - a +0 buckler
 k - a +1 shield (worn)
 l - a +1 hat (worn)
 n - a +0 pair of boots (worn)
 s - a +3 chain mail
Jewellery
 d - an uncursed amulet of rage {unknown}
 h - an uncursed ring of stealth {unknown}
Scrolls
 m - 2 scrolls of remove curse
Potions
 e - a potion of berserk rage {unknown}
Books
 b - a book of Battle

   Spells                             Type                      Level
   a - Infusion                       Charms                       1
   b - Shroud of Golubria             Charms/Translocation         2
   c - Song of Slaying                Charms                       2
   d - Spectral Weapon                Hexes/Charms                 3
   e - Regeneration                   Charms/Necromancy            3
Comestibles
 c - 5 bread rations
 o - 3 fruits
 p - a meat ration
 r - a slice of pizza


   Skills:
 + Level 2.5 Fighting
 + Level 2.4 Maces & Flails
 + Level 1.8 Dodging
 + Level 0.4 Stealth
 + Level 0.2 Shields
 + Level 2.4 Spellcasting
 + Level 3.1 Charms


You had 3 spell levels left.
You knew the following spells:

 Your Spells              Type           Power        Failure   Level  Hunger
a - Infusion              Chrm           #...         56%         1    ##.....
b - Song of Slaying       Chrm           #.......     80%         2    ###....


Dungeon Overview and Level Annotations

Branches:
Dungeon (3/15)

Altars:


Innate Abilities, Weirdness & Mutations

Your plain brown scales are hard (AC +5).
Your body does not fit into most forms of armour.
You are cold-blooded and may be slowed by cold attacks.


Message History

The tomahawk barely misses you. Something hits you but does no damage.
You hit something. You tail-slap something.
The orc throws a tomahawk.
The tomahawk hits you! You block something's attack.
The orc throws a tomahawk.
Something hits you but does no damage.
You miss something. Something hits you but does no damage.
You closely miss something. You tail-slap something.
You hear some strange, mumbled words.
Something tries to affect you, but you resist.
You hit something.
Your tail-slap misses something.
Something hits you.
You hear some strange, mumbled words.
A magic dart appears from out of thin air!
The magic dart hits you!
* * * LOW HITPOINT WARNING * * *
As you read the scroll of teleportation, it crumbles to dust.
You feel strangely unstable. Something hits you but does no damage.
You see here a tomahawk.
You hear some strange, mumbled words.
A puff of flame appears from out of thin air!
The puff of flame hits you!
You die...

#################..
......(...((o.oo...
.........@#########
##.......##
#.........#
#......##.#
#......##.##
#......##..# ..
#.##.......## ###.#
# #...(.....# ..#.#
#. #.......#.#
#.#.#.###.


You could see 3 orcs.

Vanquished Creatures
  2 adders (D:2)
  2 orcs (D:3)
  4 bats
  3 giant cockroaches (D:1)
  7 goblins
  2 hobgoblins (D:1)
  A quokka (D:2)
  2 ball pythons
  A giant newt (D:1)
  5 kobolds
  2 rats (D:1)
31 creatures vanquished.

Notes
Turn   | Place    | Note
--------------------------------------------------------------
     0 | D:1      | sarahorange the Draconian Skald began the quest for the Orb.
     0 | D:1      | Reached XP level 1. HP: 17/17 MP: 3/3
   452 | D:1      | Reached XP level 2. HP: 24/25 MP: 3/5
  1132 | D:2      | Reached skill level 3 in Charms
  1136 | D:2      | Reached XP level 3. HP: 30/30 MP: 6/6
  2082 | D:3      | Learned a level 2 spell: Song of Slaying
  2110 | D:3      | Killed from afar by an orc wizard

Skill      XL: |  1  2 |
---------------+-------+-----
Charms         | 3 |  3.1
Fighting       | |  2.5
Maces & Flails | |  2.4
Dodging        | |  1.8
Stealth        | |  0.4
Shields        | |  0.2
Spellcasting   | |  2.4

Action                   || total
-------------------------++-------
Melee: Mace              ||    97
       Tailslap          ||    13
Throw: Stone             ||     7
 Cast: Infusion          ||     7
  Use: Scroll            ||     6
 Stab: Sleeping          ||     1
  Eat: Chunk             ||     3
       Beef jerky        ||     1
Armor: Skin              ||    31
Dodge: Dodged            ||    52
Block: Shield            ||    20
